 Dungeon Crawl Stone Soup version 0.28.0-43-g3370ac3207 (webtiles) character file.

Game seed: 14733052667531491480

8 croobank the Firebug (level 2, 0/20 HPs)
             Began as a Draconian Fire Elementalist on Apr 1, 2022.
             Slain by a gnoll
             ... wielding a +0 flail
              (9 damage)
             ... on level 2 of the Dungeon.
             The game lasted 00:01:33 (606 turns).

croobank the Firebug (Draconian Fire Elementalist)   Turns: 606, Time: 00:01:41

Health: 0/20       AC:  4    Str: 10    XL:     2   Next: 0%
Magic:  3/5        EV: 12    Int: 15    God:
Gold:   5          SH:  0    Dex: 11    Spells: 2/5 levels left

rFire   . . .      SeeInvis .   g - +0 spear
rCold   . . .      Faith    .   (no shield)
rNeg    . . .      Spirit   .   (armour unavailable)
rPois   .          Reflect  .   (helmet restricted)
rElec   .          Harm     .   (no cloak)
rCorr   .          Rampage  .   (no gloves)
Will    .....                   (no boots)
Stlth   ++........              (no amulet)
HPRegen 0.06/turn               (no ring)
MPRegen 0.09/turn               (no ring)

@: no status effects
A: AC +4, unfitting armour, cold-blooded
a: no special abilities


You were on level 2 of the Dungeon.
You visited 1 branch of the dungeon, and saw 2 of its levels.

You collected 5 gold pieces.

Inventory:

Hand Weapons
 b - a +0 hunting sling
 g - a +0 spear (weapon)
Missiles
 c - 5 poisoned darts
 e - 19 stones
 f - 24 bolts
Scrolls
 d - a scroll of blinking {unknown}
Potions
 a - a potion of curing {unknown}
 h - 2 potions of flight {unknown}


   Skills:
 + Level 1.9 Dodging
 + Level 2.0 Stealth
 + Level 2.1 Spellcasting
 + Level 1.2 Conjurations
 + Level 3.1 Fire Magic


You had 2 spell levels left.
You knew the following spells:

 Your Spells              Type           Power      Damage    Failure   Level
a - Foxfire               Conj/Fire      32%        2x1d5     9%          1
b - Scorch                Fire           20%        2d6       10%         2

Your spell library contained the following spells:

 Spells                   Type           Power      Damage    Failure   Level
 Conjure Flame            Conj/Fire      8%         6-21      26%         3
 Inner Flame              Hex/Fire       6%         N/A       34%         3
 Flame Wave               Conj/Fire      8%         2d5       65%         4


Dungeon Overview and Level Annotations

Branches:
Dungeon (2/15)

Altars:


Innate Abilities, Weirdness & Mutations

Your plain brown scales are hard. (AC +4)
You cannot fit into any form of body armour.
You are cold-blooded and may be slowed by cold attacks.


Message History

The quokka is almost dead.
The quokka bites you but does no damage.
You hit the quokka but do no damage. You tail-slap the quokka.
You kill the quokka!
Your Stealth skill increases to level 2!
You have reached level 2!
f - 24 bolts (gained 14)
You start resting.
Magic restored.
Memorise Scorch, consuming 2 spell levels and leaving 2?
You start memorising the spell.
You continue memorising. x2
You finish memorising.
Spell assigned to 'b'.
Done exploring.
Done exploring.
(D) Dungeon
Where to? (? - help)
There is a stone staircase leading down here.
You climb downwards.
Found a hand axe.
Found a stone staircase leading up.
There is a stone staircase leading up here.
You see here a +0 hand axe.
A gnoll and a ball python come into view.
The ball python hisses angrily.
The ball python moves out of view.
Found a ring mail.
Casting: Foxfire (safe; 9% risk of failure)
Confirm with . or Enter, or press ? or * to list all spells.
Flames lash the gnoll.
The gnoll shouts!
The gnoll is lightly wounded.
The gnoll's fire resistance burns away.
You hear a shout! x2
You closely miss the gnoll.
The gnoll is lightly wounded.
The gnoll is no longer more vulnerable to fire.
The gnoll hits you with a +0 flail!
Ouch! That really hurt!
A gnoll comes into view. It is wielding a +0 short sword.
The gnoll hits you with a +0 flail!
You die...

##################
#.................
#.################
#.# #.# #.# #@#
.....Sg........
#####.#...[####
#.#.##.# g #.# .#
.. #.# # .. #.#
... #.#


You could see 2 gnolls and a ball python.

Vanquished Creatures
  An endoplasm (D:1)
  2 hobgoblins (D:1)
  A quokka (D:1)
  A bat (D:1)
  3 frilled lizards (D:1)
8 creatures vanquished.

Vanquished Creatures (others)
  22 foxfires (D:1)
22 creatures vanquished.

Grand Total: 30 creatures vanquished

Notes
Turn   | Place    | Note
-------+----------+-------------------------------------------
     0 | D:1      | croobank the Draconian Fire Elementalist began the quest
                  | for the Orb.
     0 | D:1      | Reached XP level 1. HP: 14/14 MP: 3/3
   384 | D:1      | Found a faded altar of an unknown god.
   497 | D:1      | Reached XP level 2. HP: 20/20 MP: 0/5
   546 | D:1      | Learned a level 2 spell: Scorch
   606 | D:2      | Slain by a gnoll

Illustrated notes

Levels and vault maps discovered:
D:1:      minmay_arrival_five_plusses, layout_basic, basic_ecumenical_altar,
          minmay_statues_item, supply_closet_lemuel
D:2:      layout_basic, uniq_crazy_yiuf_cottage

Skill      XL: |  1 |
---------------+----+-----
Stealth        | 2 |  2.0
Dodging        | |  1.9
Spellcasting   | |  2.1
Conjurations   | |  1.2
Fire Magic     | |  3.1

Action                   || total
-------------------------++-------
Melee: Unarmed           ||     4
       Spear             ||     3
       Tailslap          ||     1
 Cast: Foxfire           ||    13
       Scorch            ||     1
Armor: Skin              ||     2
Dodge: Dodged            ||     5
